| TOP OF THE 1ST |
|
London Majors batting - Pitching for Hamilton Cardinals : RHP Steve Langlois
|
|
Pitching: RHP Steve Langlois
|
|
|
Batting: RHB Luis Gomez
|
0-0: Swinging Strike 0-1: Ball 1-1: Foul Ball, location: 2F 1-2: Ball 2-2: Strikes out swinging
|
|
Batting: RHB Brock Van Gilder
|
0-0: SINGLE (Line Drive, 9S, EV 111.9 MPH)
|
|
Batting: RHB Frank Caulfield
|
0-0: Ball 1-0: Called Strike Brock Van Gilder steals 2nd base (no throw) 1-1: Ball 2-1: SINGLE (Line Drive, 4D, EV 100.0 MPH) Brock Van Gilder to third
|
|
Batting: LHB Kurt Estep
|
0-0: Ball Frank Caulfield is caught stealing 2nd base 2-6 1-0: Fly out, F9 (Line Drive, 9, EV 95.6 MPH)
|
| Top of the 1st over - 0 runs, 2 hits, 0 errors, 1 left on base; London 0 - Hamilton 0 |
| BOTTOM OF THE 1ST |
|
Hamilton Cardinals batting - Pitching for London Majors : RHP Brad Harth
|
|
Pitching: RHP Brad Harth
|
|
|
Batting: RHB Nick Latulippe
|
0-0: Ball 1-0: Ball 2-0: Swinging Strike 2-1: Ball 3-1: Foul Ball, location: 2F 3-2: Strikes out swinging
|
|
Batting: RHB Tyler Walker
|
0-0: Swinging Strike 0-1: Swinging Strike 0-2: Ball 1-2: Foul Ball, location: 2F 1-2: Ball 2-2: Strikes out swinging
|
|
Batting: LHB Travis Ruppel
|
0-0: Swinging Strike 0-1: Called Strike 0-2: Foul Ball, location: 2F 0-2: Ball 1-2: Fly out, F7 (Flyball, 7LM, EV 91.9 MPH)
|
| Bottom of the 1st over - 0 runs, 0 hits, 0 errors, 0 left on base; London 0 - Hamilton 0 |
| TOP OF THE 2ND |
|
London Majors batting - Pitching for Hamilton Cardinals : RHP Steve Langlois
|
|
Batting: RHB Bill Murray
|
0-0: Foul Ball, location: 2F 0-1: SINGLE (Groundball, 6M, EV 106.9 MPH)
|
|
Batting: RHB Bobby Lasaguna
|
0-0: Called Strike 0-1: Foul Ball, location: 2F 0-2: Ball 1-2: Ball 2-2: Foul Ball, location: 2F 2-2: Strikes out looking
|
|
Batting: LHB Eric Toney
|
0-0: Called Strike Bill Murray steals 2nd base 0-1: Ball 1-1: Fly out, F4 (Flyball, 4D, EV 75.0 MPH)
|
|
Batting: RHB Terry Plumley
|
0-0: Ball 1-0: Called Strike 1-1: Called Strike 1-2: Strikes out looking
|
| Top of the 2nd over - 0 runs, 1 hit, 0 errors, 1 left on base; London 0 - Hamilton 0 |
| BOTTOM OF THE 2ND |
|
Hamilton Cardinals batting - Pitching for London Majors : RHP Brad Harth
|
|
Batting: RHB Chris Norris
|
0-0: Ball 1-0: Ball 2-0: Ground out 6-3 (Groundball, 6, EV 76.3 MPH)
|
|
Batting: LHB Jorge Zarazua
|
0-0: Ball 1-0: Called Strike 1-1: Foul Ball, location: 2F 1-2: Ball 2-2: Ball 3-2: Ground out 1-3 (Groundball, 13S, EV 76.9 MPH)
|
|
Batting: RHB Richard Riggs
|
0-0: Called Strike 0-1: Ball 1-1: Ground out 5-3 (Groundball, 56, EV 90.0 MPH)
|
| Bottom of the 2nd over - 0 runs, 0 hits, 0 errors, 0 left on base; London 0 - Hamilton 0 |
| TOP OF THE 3RD |
|
London Majors batting - Pitching for Hamilton Cardinals : RHP Steve Langlois
|
|
Batting: RHB Bobby Roldan
|
0-0: Called Strike 0-1: Swinging Strike 0-2: Ball 1-2: Ground out 6-3 (Groundball, 6, EV 83.8 MPH)
|
|
Batting: RHB Luis Gomez
|
0-0: Called Strike 0-1: Ball 1-1: Foul Ball, location: 2F 1-2: Ball 2-2: Foul Ball, location: 2F 2-2: Ground out 5-3 (Groundball, 56, EV 78.8 MPH)
|
|
Batting: RHB Brock Van Gilder
|
0-0: Called Strike 0-1: Ground out 4-3 (Groundball, 4M, EV 106.3 MPH)
|
| Top of the 3rd over - 0 runs, 0 hits, 0 errors, 0 left on base; London 0 - Hamilton 0 |
| BOTTOM OF THE 3RD |
|
Hamilton Cardinals batting - Pitching for London Majors : RHP Brad Harth
|
|
Batting: LHB Ivan Cortez
|
0-0: Ball 1-0: Foul Ball, location: 2F 1-1: Ball 2-1: Swinging Strike 2-2: Foul Ball, location: 2F 2-2: Strikes out swinging
|
|
Batting: RHB Joe Myers
|
0-0: Swinging Strike 0-1: Ball 1-1: Foul Ball, location: 2F 1-2: SINGLE (Groundball, 34D, EV 96.3 MPH)
|
|
Batting: RHB Edgar Klockow
|
0-0: Called Strike 0-1: Ball 1-1: Ball 2-1: Called Strike 2-2: Foul Ball, location: 2F 2-2: Strikes out swinging
|
|
Batting: RHB Nick Latulippe
|
0-0: Ball 1-0: Called Strike 1-1: Ball 2-1: Ball 3-1: Ground out 4-3 (Groundball, 4, EV 102.5 MPH)
|
| Bottom of the 3rd over - 0 runs, 1 hit, 0 errors, 1 left on base; London 0 - Hamilton 0 |
| TOP OF THE 4TH |
|
London Majors batting - Pitching for Hamilton Cardinals : RHP Steve Langlois
|
|
Batting: RHB Frank Caulfield
|
0-0: Ball 1-0: Called Strike 1-1: Fly out, F4 (Line Drive, 4, EV 65.6 MPH)
|
|
Batting: LHB Kurt Estep
|
0-0: Swinging Strike 0-1: Called Strike 0-2: Strikes out swinging
|
|
Batting: RHB Bill Murray
|
0-0: Fly out, F4 (Popup, 4S, EV 78.1 MPH)
|
| Top of the 4th over - 0 runs, 0 hits, 0 errors, 0 left on base; London 0 - Hamilton 0 |
| BOTTOM OF THE 4TH |
|
Hamilton Cardinals batting - Pitching for London Majors : RHP Brad Harth
|
|
Batting: RHB Tyler Walker
|
0-0: Called Strike 0-1: Ball 1-1: Called Strike 1-2: Foul Ball, location: 2F 1-2: Strikes out swinging
|
|
Batting: LHB Travis Ruppel
|
0-0: Called Strike 0-1: Ball 1-1: Foul Ball, location: 2F 1-2: Foul Ball, location: 2F 1-2: Strikes out swinging
|
|
Batting: RHB Chris Norris
|
0-0: Ball 1-0: SINGLE (Line Drive, 6MD, EV 99.4 MPH)
|
|
Batting: LHB Jorge Zarazua
|
0-0: Swinging Strike 0-1: Ball 1-1: Ball 2-1: Called Strike 2-2: Ground out 1-3 (Groundball, P, EV 75.6 MPH)
|
| Bottom of the 4th over - 0 runs, 1 hit, 0 errors, 1 left on base; London 0 - Hamilton 0 |
| TOP OF THE 5TH |
|
London Majors batting - Pitching for Hamilton Cardinals : RHP Steve Langlois
|
|
Batting: RHB Bobby Lasaguna
|
0-0: SINGLE (Groundball, 6S, EV 66.9 MPH) (infield hit)
|
|
Batting: LHB Eric Toney
|
0-0: Called Strike Bobby Lasaguna steals 2nd base 0-1: Foul Ball, location: 2F 0-2: Foul Ball, location: 2F 0-2: Ball 1-2: Strikes out swinging
|
|
Batting: RHB Terry Plumley
|
0-0: Ball 1-0: Ball Bobby Lasaguna steals 3rd base 2-0: Called Strike 2-1: Swinging Strike 2-2: Strikes out swinging
|
|
Batting: RHB Bobby Roldan
|
0-0: Foul Ball, location: 2F 0-1: Ball 1-1: Swinging Strike 1-2: Ball 2-2: Strikes out swinging
|
| Top of the 5th over - 0 runs, 1 hit, 0 errors, 1 left on base; London 0 - Hamilton 0 |
| BOTTOM OF THE 5TH |
|
Hamilton Cardinals batting - Pitching for London Majors : RHP Brad Harth
|
|
Batting: RHB Richard Riggs
|
0-0: Ball 1-0: Ground out 6-3 (Groundball, 6M, EV 85.6 MPH)
|
|
Batting: LHB Ivan Cortez
|
0-0: Ball 1-0: Swinging Strike 1-1: Ball 2-1: Ball 3-1: Foul Ball, location: 2F 3-2: Strikes out swinging
|
|
Batting: RHB Joe Myers
|
0-0: Called Strike 0-1: SINGLE (Groundball, 6D, EV 105.6 MPH)
|
|
Batting: RHB Edgar Klockow
|
0-0: Swinging Strike 0-1: Ball 1-1: Swinging Strike 1-2: Ball 2-2: Foul Ball, location: 2F 2-2: Strikes out swinging
|
| Bottom of the 5th over - 0 runs, 1 hit, 0 errors, 1 left on base; London 0 - Hamilton 0 |
| TOP OF THE 6TH |
|
London Majors batting - Pitching for Hamilton Cardinals : RHP Steve Langlois
|
|
Batting: RHB Luis Gomez
|
0-0: Fly out, F9 (Line Drive, 9, EV 94.4 MPH)
|
|
Batting: RHB Brock Van Gilder
|
0-0: Ball 1-0: Ball 2-0: Ball 3-0: Called Strike 3-1: Swinging Strike 3-2: Foul Ball, location: 2F 3-2: Base on Balls
|
|
Batting: RHB Frank Caulfield
|
0-0: Ball Brock Van Gilder steals 2nd base 1-0: Foul Ball, location: 2F 1-1: Ball 2-1: DOUBLE (Line Drive, 3D, EV 95.0 MPH) Brock Van Gilder scores
|
|
Batting: LHB Kurt Estep
|
0-0: Ball 1-0: Ground out 6-3 (Groundball, 6, EV 98.1 MPH)
|
|
Batting: RHB Bill Murray
|
0-0: Swinging Strike 0-1: Fly out, F3 (Popup, 34, EV 69.4 MPH)
|
| Top of the 6th over - 1 run, 1 hit, 0 errors, 1 left on base; London 1 - Hamilton 0 |
| BOTTOM OF THE 6TH |
|
Hamilton Cardinals batting - Pitching for London Majors : RHP Brad Harth
|
|
Batting: RHB Nick Latulippe
|
0-0: Ball 1-0: Called Strike 1-1: Ball 2-1: SINGLE (Flyball, 4D, EV 85.6 MPH)
|
|
Pitching: RHP Joe Linkous
|
|
|
Batting: RHB Tyler Walker
|
0-0: Foul Ball, location: 2F 0-1: Ball 1-1: Ball 2-1: Ball Nick Latulippe steals 2nd base (no throw) 3-1: Base on Balls
|
|
Pitching: LHP Mike Oakes
|
|
|
Batting: LHB Travis Ruppel
|
0-0: Ball 1-0: Called Strike 1-1: Grounds into double play, 3-6-1 (Groundball, 34, EV 107.5 MPH) Nick Latulippe to third
|
|
Batting: RHB Chris Norris
|
0-0: Swinging Strike 0-1: Ball 1-1: Foul Ball, location: 2F 1-2: Ball 2-2: Fly out, F3 (Flyball, 34D, EV 76.9 MPH)
|
| Bottom of the 6th over - 0 runs, 1 hit, 0 errors, 1 left on base; London 1 - Hamilton 0 |
| TOP OF THE 7TH |
|
London Majors batting - Pitching for Hamilton Cardinals : RHP Steve Langlois
|
|
Batting: RHB Bobby Lasaguna
|
0-0: Ball 1-0: Called Strike 1-1: Swinging Strike 1-2: Strikes out looking
|
|
Batting: LHB Eric Toney
|
0-0: Ball 1-0: Foul Ball, location: 2F 1-1: Foul Ball, location: 2F 1-2: Foul Ball, location: 2F 1-2: Ball 2-2: Strikes out swinging
|
|
Batting: RHB Terry Plumley
|
0-0: Ball 1-0: Ball 2-0: SINGLE (Flyball, 8RS, EV 100.0 MPH)
|
|
Pinch Hitting: LHB Devin Huber
|
0-0: Called Strike 0-1: Swinging Strike 0-2: Foul Ball, location: 2F 0-2: Ball 1-2: SINGLE (Groundball, 3S, EV 71.9 MPH) (infield hit) Terry Plumley to second
|
|
Pinch Runner at 2nd Pete Duncan:
|
|
|
Batting: RHB Luis Gomez
|
0-0: Ball 1-0: Ball 2-0: Ball 3-0: Base on Balls Pete Duncan to third Devin Huber to second
|
|
Batting: RHB Brock Van Gilder
|
0-0: Called Strike 0-1: Foul Ball, location: 2F 0-2: Ball 1-2: Ball 2-2: Ball 3-2: Ground out 6-3 (Groundball, 6, EV 90.0 MPH)
|
| Top of the 7th over - 0 runs, 2 hits, 0 errors, 3 left on base; London 1 - Hamilton 0 |
| BOTTOM OF THE 7TH |
|
Hamilton Cardinals batting - Pitching for London Majors : LHP Mike Oakes
|
|
Now at 1B: John Rios
|
|
|
Now at 3B: Pete Duncan
|
|
|
Now at SS: Brock Van Gilder
|
|
|
Pinch Hitting: RHB Bernard Claude
|
0-0: Called Strike 0-1: Ball 1-1: Swinging Strike 1-2: Strikes out swinging
|
|
Pitching: RHP Bryan Mattis
|
|
|
Batting: RHB Richard Riggs
|
0-0: Ball 1-0: Called Strike 1-1: Foul Ball, location: 2F 1-2: SINGLE (Groundball, 34D, EV 103.1 MPH)
|
|
Batting: LHB Ivan Cortez
|
0-0: Foul Ball, location: 2F 0-1: Foul Ball, location: 2F 0-2: Ball 1-2: Strikes out swinging
|
|
Batting: RHB Joe Myers
|
0-0: Called Strike 0-1: Ball 1-1: Fly out, F9 (Flyball, 9, EV 88.8 MPH)
|
| Bottom of the 7th over - 0 runs, 1 hit, 0 errors, 1 left on base; London 1 - Hamilton 0 |
| TOP OF THE 8TH |
|
London Majors batting - Pitching for Hamilton Cardinals : RHP Steve Langlois
|
|
Pitching: LHP Andy Fitzsimmons
|
|
|
Now at 1B: Bernard Claude
|
|
|
Batting: RHB Frank Caulfield
|
0-0: Ball 1-0: Called Strike 1-1: Called Strike 1-2: Ball 2-2: Ball 3-2: SINGLE (Line Drive, 9LS, EV 105.6 MPH)
|
|
Batting: LHB Kurt Estep
|
0-0: Ball 1-0: Called Strike 1-1: Ball 2-1: Ball Frank Caulfield steals 2nd base 3-1: Called Strike 3-2: Strikes out looking
|
|
Batting: RHB Bill Murray
|
0-0: Intentional Walk
|
|
Batting: RHB Bobby Lasaguna
|
0-0: Called Strike 0-1: Ball 1-1: Swinging Strike 1-2: Foul Ball, location: 2F 1-2: Ball 2-2: Strikes out swinging
|
|
Batting: LHB Eric Toney
|
0-0: Called Strike 0-1: Ball 1-1: Hit by Pitch Frank Caulfield to third Bill Murray to second
|
|
Batting: RHB Pete Duncan
|
0-0: Ball 1-0: Fly out, F8 (Line Drive, 8RD, EV 83.8 MPH)
|
| Top of the 8th over - 0 runs, 1 hit, 0 errors, 3 left on base; London 1 - Hamilton 0 |
| BOTTOM OF THE 8TH |
|
Hamilton Cardinals batting - Pitching for London Majors : RHP Bryan Mattis
|
|
Pinch Hitting: RHB Tim Williams
|
0-0: Foul Ball, location: 2F 0-1: Ball 1-1: Foul Ball, location: 2F 1-2: Strikes out swinging
|
|
Pinch Hitting: LHB Keith Rice
|
0-0: Called Strike 0-1: Ball 1-1: Called Strike 1-2: Foul Ball, location: 2F 1-2: Ground out 1-3 (Groundball, 15S, EV 65.0 MPH)
|
|
Batting: RHB Tyler Walker
|
0-0: Fly out, F7 (Flyball, 78M, EV 86.3 MPH)
|
| Bottom of the 8th over - 0 runs, 0 hits, 0 errors, 0 left on base; London 1 - Hamilton 0 |
| TOP OF THE 9TH |
|
London Majors batting - Pitching for Hamilton Cardinals : LHP Andy Fitzsimmons
|
|
Pitching: LHP Gonnohyoe Hata
|
|
|
Now at 3B: Keith Rice
|
|
|
Now in RF: Tim Williams
|
|
|
Batting: RHB John Rios
|
0-0: Ball 1-0: Ball 2-0: Called Strike 2-1: Ground out 5-3 (Groundball, 5, EV 108.8 MPH)
|
|
Now at 3B: Nelson Pelico
|
|
|
Batting: RHB Luis Gomez
|
0-0: Ball 1-0: Ball 2-0: Ball 3-0: Foul Ball, location: 2F 3-1: Called Strike 3-2: Strikes out swinging
|
|
Batting: RHB Brock Van Gilder
|
0-0: Called Strike 0-1: Foul Ball, location: 2F 0-2: Strikes out swinging
|
| Top of the 9th over - 0 runs, 0 hits, 0 errors, 0 left on base; London 1 - Hamilton 0 |
| BOTTOM OF THE 9TH |
|
Hamilton Cardinals batting - Pitching for London Majors : RHP Bryan Mattis
|
|
Pitching: LHP Mario Amore
|
|
|
Batting: LHB Travis Ruppel
|
0-0: Fly out, F8 (Line Drive, 8LD, EV 95.0 MPH)
|
|
Batting: RHB Chris Norris
|
0-0: Foul Ball, location: 2F 0-1: Fly out, F2 (Popup, 13S, EV 86.9 MPH)
|
|
Batting: RHB Bernard Claude
|
0-0: Swinging Strike 0-1: Ground out 5-3 (Groundball, 5, EV 100.0 MPH)
|
| Bottom of the 9th over - 0 runs, 0 hits, 0 errors, 0 left on base; London 1 - Hamilton 0 |
|